Map: Eternal Empire LE

Players

Lowko - Winner!

  • Race: Zerg Zerg
  • League: Master
  • Spawn Location: 1:00

llllllllllll

  • Race: Protoss Protoss
  • League: Master
  • Spawn Location: 7:00

VOD

Have the link to the VOD?

Description

Time

  • Played on: April 27, 2020, 10:15 a.m.
  • Length: 9:30
Show
View Real Time Build Order
Export as new Build Order

Lowko Zerg - Winner!

Build Orders: Hatch First 

Get SALT Encoding   

  12  0:02  Drone  
  13  0:12  Overlord  
  13  0:16  Drone  
  14  0:30  Drone x2  
  16  0:49  Hatchery  
  15  0:52  Drone  
  15  0:56  Drone  
  17  1:00  Drone  
  18  1:10  Extractor  
  17  1:16  Spawning Pool  
  16  1:18  Drone  
  16  1:22  Drone  
  18  1:29  Drone  
  19  1:38  Drone  
  20  1:50  Hatchery  
  19  2:03  Queen  
  19  2:04  Zergling x2  
  22  2:13  Metabolic Boost  
  22  2:15  Drone  
  23  2:18  Drone  
  23  2:20  Drone  
  25  2:26  Overlord  
  26  2:30  Drone  
  26  2:31  Drone  
  27  2:44  Queen  
  27  2:47  Queen  
  31  2:52  Drone x2  
  31  2:54  Drone  
  34  2:59  Drone  
  34  3:00  Drone  
  36  3:09  Zergling x2  
  37  3:16  Drone x5  
  41  3:27  Lair  
  41  3:30  Overlord  
  41  3:37  Extractor  
  41  3:38  Queen, Extractor  
  41  3:39  Overlord  
  43  3:45  Overlord  
  43  3:48  Overlord  
  43  3:50  Drone x5  
  43  3:55  Roach Warren  
  47  3:57  Drone  
  47  3:58  Drone  
  47  4:01  Drone x2  
  51  4:04  Drone  
  51  4:08  Drone x3  
  55  4:12  Drone x2  
  55  4:15  Drone  
  58  4:21  Drone x2  
  58  4:22  Extractor  
  58  4:23  Extractor  
  58  4:26  Overlord  
  58  4:29  Overseer  
  58  4:31  Zergling x4  
  60  4:36  Roach x4  
  60  4:38  Zergling x4  
  70  4:40  Roach, Zergling x2  
  70  4:43  Zergling x2  
  72  4:51  Overlord  
  72  4:52  Roach, Zergling x6  
  72  5:05  Roach, Zergling x4  
  72  5:06  Roach x2, Zergling x4  
  78  5:09  Drone x2  
  80  5:18  Overlord  
  80  5:20  Drone x2  
  82  5:21  Glial Reconstitution  
  82  5:26  Roach x2  
  82  5:27  Ravager  
  87  5:30  Overlord  
  87  5:34  Extractor x2  
  87  5:35  Queen  
  85  5:37  Roach x2  
  85  5:39  Roach  
  93  5:45  Roach x2  
  96  5:54  Drone x4  
  96  5:56  Spore Crawler  
  97  6:04  Drone  
  97  6:08  Drone  
  97  6:09  Overlord  
  98  6:11  Overlord  
  98  6:12  Spore Crawler  
  98  6:14  Overlord x2  
  98  6:17  Queen  
  98  6:24  Queen  
  98  6:25  Overlord x3  
  99  6:34  Roach x2  
  99  6:36  Drone  
  104  6:40  Queen  
  104  6:44  Drone  
  104  6:45  Extractor, Drone  
  104  6:46  Drone  
  106  6:51  Ravager, Roach x4  
  106  6:52  Ravager x5  
  120  6:58  Roach  
  124  7:01  Roach x3  
  124  7:07  Roach x2  
  132  7:12  Roach x4  
  132  7:15  Roach x2  
  144  7:18  Roach x3  
  150  7:25  Roach x2  
  154  7:31  Overlord  
  154  7:36  Overlord x2  
  152  7:54  Roach  
  152  7:55  Roach x9  
  152  7:58  Roach  
  148  8:03  Roach x2  
  137  8:08  Roach x3  
  137  8:12  Roach x2  
  147  8:13  Roach x2  
  151  8:20  Roach x2  
  151  8:21  Roach x3  
  161  8:28  Ravager x6  
  161  8:31  Zergling x6  
  170  8:34  Hatchery  
  170  8:39  Roach x2  
  170  8:40  Roach x2  
  177  8:44  Overlord  
  175  8:52  Roach  
  175  8:53  Roach x4  
  168  8:58  Roach x2  
  161  9:03  Roach x3  
  161  9:05  Roach  
  161  9:07  Overseer x2  
Show
View Real Time Build Order
Export as new Build Order

llllllllllll Protoss 

Build Orders: 1 Gate Expand, Archon Immortal, Archon Drop, Dark Templar Rush 

Get SALT Encoding   

  12  0:01  Probe  
  13  0:13  Probe  
  14  0:20  Pylon  
  14  0:25  Probe  
  15  0:38  Probe (Chrono Boost)  
  15  0:39  Gateway  
  16  0:47  Probe (Chrono Boost)  
  16  0:48  Assimilator  
  17  0:52  Probe  
  18  1:04  Probe  
  19  1:17  Probe  
  20  1:26  Nexus  
  20  1:34  Cybernetics Core  
  20  1:39  Probe  
  21  1:44  Assimilator  
  21  1:51  Probe  
  21  1:54  Pylon  
  22  2:03  Probe  
  23  2:09  Adept (Chrono Boost)  
  23  2:12  Warp Gate  
  23  2:15  Probe  
  26  2:25  Twilight Council  
  26  2:27  Probe  
  27  2:31  Stalker (Chrono Boost)  
  29  2:38  Probe  
  29  2:39  Probe  
  31  2:52  Probe, Robotics Facility  
  31  2:53  Probe  
  33  3:04  Probe  
  33  3:05  Probe  
  35  3:16  Probe  
  35  3:17  Probe  
  37  3:20  Dark Shrine  
  37  3:26  Gateway  
  37  3:32  Gateway  
  39  3:37  Gateway, Warp Prism (Chrono Boost)  
  39  3:46  Probe  
  39  3:47  Probe  
  41  3:50  Assimilator  
  41  3:53  Assimilator  
  41  3:59  Probe x2  
  41  4:02  Pylon  
  43  4:06  Pylon  
  43  4:11  Probe x2  
  45  4:23  Probe x2  
  47  4:32  Dark Templar  
  47  4:33  Dark Templar x2  
  47  4:35  Probe x2, Dark Templar  
  53  5:11  Immortal (Chrono Boost)  
  53  5:12  Charge  
  53  5:13  Probe  
  59  5:16  Forge  
  59  5:17  Dark Templar, Pylon  
  59  5:20  Dark Templar  
  62  5:25  Archon  
  62  5:27  Archon  
  62  5:33  Pylon x2  
  62  5:35  Probe x2  
  64  5:43  Immortal (Chrono Boost)  
  64  5:49  Protoss Ground Weapons Level 1 (Chrono Boost)  
  68  6:09  Immortal (Chrono Boost)  
  68  6:16  Sentry x2  
  68  6:17  Zealot x2  
  78  6:21  Pylon  
  78  6:23  Nexus  
  75  6:31  Gateway x2  
  75  6:38  Immortal (Chrono Boost)  
  75  6:46  Gateway  
  79  6:47  Gateway  
  79  6:50  Probe x2  
  81  6:54  Pylon  
  81  6:55  Pylon x2  
  81  7:04  Photon Cannon  
  81  7:05  Dark Templar x2  
  85  7:09  Dark Templar  
  85  7:10  Archon, Observer  
  85  7:13  Dark Templar  
  90  7:17  Archon  
  90  7:32  Dark Templar x2  
  90  7:36  Archon  
  94  7:38  Zealot x2  
  86  7:54  Zealot x4  
  74  8:03  Immortal (Chrono Boost)  
  58  8:08  Sentry x3, Zealot  
  70  8:13  Shield Battery  
  70  8:15  Shield Battery  
  69  8:26  Probe x3  
  72  8:30  Zealot  
  72  8:31  Zealot x4  
  72  8:32  Sentry  
  84  8:39  Immortal (Chrono Boost)  
  86  8:51  Zealot x4  
  78  9:00  Zealot  
  78  9:01  Zealot x2  
  54  9:17  Zealot x2  
  54  9:18  Zealot x3  
Tags
 
Add a new tag
Caveats
  • Supply blocks, unpowered buildings, or Contaminate may cause inaccurate times.
  • Supply counts are checked every 10 seconds.